 Dungeon Crawl Stone Soup version 0.31-a0-1002-g8e65716e6e (webtiles) character file.

Game seed: 12121839650368636551

5258 Nedwor the Cleaver (level 10, -17/90 HPs)
             Began as a Minotaur Gladiator on Nov 10, 2023.
             Was an Elder of Uskayaw.
             Demolished by an orc warlord
             ... wielding a +5 broad axe
              (20 damage)
             ... in a bailey.
             The game lasted 00:14:24 (9437 turns).

Nedwor the Cleaver (Minotaur Gladiator)             Turns: 9437, Time: 00:14:24

Health: -17/90     AC: 11    Str: 24    XL:     10   Next: 36%
Magic:  13/13      EV: 17    Int:  5    God:    Uskayaw [****..]
Gold:   305        SH:  0    Dex: 11    Spells: 9/9 levels left

rFire   + . .        C - +0 battleaxe
rCold   . . .        (shield currently unavailable)
rNeg    . . .        k - +2 ring mail {rF+}
rPois   .            c - +0 hat
rElec   .            q - +0 cloak
rCorr   .            (no gloves)
SInv    .            t - +0 pair of boots
Will    .....        (no amulet)
Stlth   +            B - +5 ring of evasion
HPRegen 0.35/turn    (no ring)
MPRegen 0.13/turn

%: no passive effects
@: no status effects
A: horns 2, retaliatory headbutt
a: Renounce Religion, Stomp, Line Pass


You were in a bailey.
You worshipped Uskayaw.
Uskayaw was noncommittal.
You visited 2 branches of the dungeon, and saw 9 of its levels.
You also visited: Ossuary and Bailey.

You collected 305 gold pieces.

Inventory:

Hand Weapons
 A - a +1 war axe of venom
 C - a +0 battleaxe (weapon)
Missiles
 d - 3 throwing nets (quivered)
 e - a javelin
Armour
 c - a +0 hat (worn)
 k - a +2 ring mail of fire resistance (worn)
 q - a +0 cloak (worn)
 t - a +0 pair of boots (worn)
Jewellery
 b - a +6 ring of intelligence
 m - an amulet of magic regeneration
 B - a +5 ring of evasion (left hand)
Wands
 n - a wand of charming (13)
 v - a wand of flame (43)
Scrolls
 j - 6 scrolls of teleportation
 x - a scroll of identify
 y - 2 scrolls of blinking
 z - 4 scrolls of enchant armour {unknown}
 D - a scroll of fear {unknown}
 E - a scroll of summoning {unknown}
Potions
 a - a potion of cancellation
 f - 10 potions of heal wounds
 g - a potion of invisibility
 h - 3 potions of mutation
 i - 2 potions of attraction
 l - 2 potions of enlightenment
 o - 3 potions of haste
 p - a potion of berserk rage
 r - 4 potions of might
 s - a potion of magic
 u - a potion of brilliance
 w - 4 potions of curing


   Skills:
 + Level 8.7 Fighting
 * Level 12.3 Axes
 - Level 2.0 Throwing
 + Level 8.2 Armour
 - Level 3.2 Dodging
 + Level 6.5 Invocations


You had 9 spell levels left.
You didn't know any spells.
Your spell library contained the following spells:

 Spells                   Type           Power      Damage    Failure   Level
 Poisonous Vapours        Pois/Air       0%         N/A       75%         2
 Dazzling Flash           Conj/Hex       0%         N/A       93%         3
 Mephitic Cloud           Conj/Pois/Air  0%         N/A       93%         3
 Volatile Blastmotes      Fire/Tloc      0%         2d10      93%         3
 Freezing Cloud           Conj/Ice/Air   0%         6-21      100%        5
 Starburst                Conj/Fire      0%         6d3       100%        6
 Maxwell's Capacitive Co  Air            0%         ∞         100%        8


Dungeon Overview and Level Annotations

Branches:
Dungeon (8/15)             Temple (1/1) D:4         Ossuary (visited)
 Bailey (1/1)
   Lair: D:8-11

Altars:
Ashenzari
Cheibriados
Elyvilon
Fedhas
Gozag
Hepliaklqana
Kikubaaqudgha
Nemelex Xobeh
Okawaru
Qazlal
Ru
Trog
Uskayaw
Xom
Yredelemnul
Zin
The Shining One

Shops:
D:6 [=::


Innate Abilities, Weirdness & Mutations

You have a pair of horns on your head.
You reflexively headbutt those who attack you in melee.


Message History

The helpless orc warrior fails to defend itself.
You slash the orc warrior!
You kill the orc warrior!
The helpless orc warlord fails to defend itself.
You slash the orc warlord!
The helpless goblin fails to defend itself.
You slice the goblin!!
You kill the goblin!
The orc warlord is no longer paralysed.
The orc warlord hits you with a +5 broad axe!!
You are too injured to fight recklessly!
Unknown command.
You are too injured to fight recklessly!
Unknown command.
You are too injured to fight recklessly!
Unknown command.
You are too injured to fight recklessly!
Unknown command.
You are too injured to fight recklessly!
You are too injured to fight recklessly!
The gnoll is no longer paralysed.
The orc warlord attacks as it pursues you!
The orc warlord barely misses you.
You slice the orc warlord!!
The orc warlord is moderately wounded.
The orc warlord barely misses you.
Uskayaw will force your foes to share their pain.
Uskayaw links your audience in an emotional bond!
You hit the orc warlord but do no damage.
The orc warlord is moderately wounded.
The orc warlord hits you with a +5 broad axe!!
* * * LOW HITPOINT WARNING * * *
You slash the orc warlord!
The orc warlord is moderately wounded.
The orc warlord hits you with a +5 broad axe!!
* * * LOW HITPOINT WARNING * * *
You hit the orc warlord.
The orc warlord is moderately wounded.
The orc warlord hits you with a +5 broad axe!!
You die...

#...........#.......).
#...........#.......).
###.........###......).
###)#'#.....###.###.....#
###...))###.###....
###.###
##......)).###......
###..
#..........8##...... #...
#..........8#)...... #...
#∩....⌠....@og...... #...
#..........8#)...... #...
#..........8##...... #...
##.........###...... ##..
###...).###.###.... ###
###.#'#.....###.# #
###))...... # #.).......
#.........


You could see an orc warlord (pain bonded) and a gnoll (pain bonded).

Vanquished Creatures
  2 orc knights (Bailey)
  A troll (D:6)
  A wraith (Ossuary)
  4 yaks (D:8)
  A steam dragon (D:6)
  2 water moccasins (D:6)
  9 orc warriors (Bailey)
  A black bear (D:6)
  An ice beast (D:6)
  2 ogres (D:6)
  2 phantoms (D:6)
  2 centaurs (D:6)
  An elf zombie (Ossuary)
  2 bullfrogs (D:7)
  A scorpion (D:5)
  5 wights (D:7)
  6 killer bees (D:8)
  3 hounds
  A human zombie (Ossuary)
  A jelly (D:5)
  3 orc priests
  A gnoll bouda (D:6)
  2 iguanas
  6 orc wizards
  3 mummies (Ossuary)
  14 gnolls
  8 adders
  A shadow imp (D:5)
  2 ufetubi (D:6)
  A worm (D:5)
  2 dart slugs
  25 orcs
  6 bats
  5 endoplasms
  3 giant cockroaches
  A gnoll zombie (Ossuary)
  14 goblins
  13 hobgoblins
  10 jackals
  13 kobolds
  3 quokkas
  4 ball pythons
  3 frilled lizards
  A goblin zombie (Ossuary)
  5 hobgoblin zombies (Ossuary)
  2 kobold zombies (Ossuary)
  5 rats
204 creatures vanquished.

Notes
Turn   | Place    | Note
-------+----------+-------------------------------------------
     0 | D:1      | Nedwor the Minotaur Gladiator began the quest for the Orb.
     0 | D:1      | Reached XP level 1. HP: 18/18 MP: 0/0
   438 | D:1      | Reached skill level 4 in Axes
   463 | D:1      | Reached XP level 2. HP: 25/25 MP: 1/1
   814 | D:1      | Reached skill level 1 in Armour
  1688 | D:2      | Reached XP level 3. HP: 30/30 MP: 2/2
  2541 | D:3      | Found a hazy altar of Hepliaklqana.
  2806 | D:4      | Found a staircase to the Ecumenical Temple.
  2817 | Temple   | Entered the Ecumenical Temple
  2847 | Temple   | Became a worshipper of Uskayaw the Reveller
  2985 | D:4      | Reached * piety under Uskayaw
  2990 | D:4      | Reached ** piety under Uskayaw
  2999 | D:4      | Reached skill level 5 in Axes
  2999 | D:4      | Reached XP level 4. HP: 23/38 MP: 3/3
  3546 | D:4      | Reached skill level 1 in Invocations
  3546 | D:4      | Reached XP level 5. HP: 28/46 MP: 4/4
  3547 | D:4      | Reached *** piety under Uskayaw
  3551 | D:4      | Reached **** piety under Uskayaw
  3920 | D:4      | Found a basalt altar of Yredelemnul.
  3920 | D:4      | Found an opulent altar of Gozag.
  4167 | D:5      | Entered Level 5 of the Dungeon
  4181 | D:5      | Reached skill level 6 in Axes
  4284 | D:5      | Reached XP level 6. HP: 46/52 MP: 6/6
  4573 | D:5      | Found a sand-covered staircase.
  4606 | Ossuary  | Entered an ossuary
  4606 | Ossuary  | Noticed a wraith
  4606 | Ossuary  | Noticed a wraith
  4606 | Ossuary  | Noticed a wraith
  4740 | Ossuary  | Noticed a wraith
  4746 | Ossuary  | Killed a wraith
  4747 | Ossuary  | Reached skill level 7 in Axes
  4747 | Ossuary  | Reached XP level 7. HP: 47/60 MP: 6/8
  6051 | D:5      | Reached skill level 5 in Fighting
  6468 | D:6      | Found Sautzy's Book Boutique.
  6469 | D:6      | Found Luora's Jewellery Boutique.
  6482 | D:6      | Reached skill level 8 in Axes
  6482 | D:6      | Reached XP level 8. HP: 49/69 MP: 9/9
  6548 | D:6      | Found Gutin's Armour Boutique.
  6549 | D:6      | Found Fohaste's Book Boutique.
  6587 | D:6      | Reached skill level 5 in Armour
  6961 | D:6      | Reached skill level 9 in Axes
  7134 | D:6      | Noticed a troll
  7146 | D:6      | Killed a troll
  7147 | D:6      | Reached XP level 9. HP: 71/78 MP: 11/11
  7270 | D:6      | Found a sacrificial altar of Ru.
  7447 | D:7      | Reached skill level 10 in Axes
  7452 | D:7      | Reached skill level 5 in Invocations
  7454 | D:7      | Reached ***** piety under Uskayaw
  7598 | D:7      | Found a stormy altar of Qazlal.
  7969 | D:8      | Reached skill level 11 in Axes
  7980 | D:8      | Identified the +4 spear of Fefua {heavy, rElec rF+}
  8214 | D:8      | Found a flagged portal.
  8229 | Bailey   | Entered a bailey
  8343 | Bailey   | Reached XP level 10. HP: 87/88 MP: 13/13
  8358 | Bailey   | Noticed an orc knight
  8374 | Bailey   | Killed an orc knight
  9063 | Bailey   | Noticed an orc knight
  9082 | Bailey   | Reached skill level 12 in Axes
  9084 | Bailey   | Killed an orc knight
  9425 | Bailey   | Noticed an orc warlord
  9436 | Bailey   | HP: 3/90 [orc warlord/+5 broad axe (20)]
  9437 | Bailey   | Demolished by an orc warlord

Illustrated notes

Levels and vault maps discovered:
D:1:      arrival_zaba_pyramid, layout_loops_corners, grunt_decor_junction
D:2:      layout_basic, grunt_decor_resistance
D:3:      layout_basic, nicolae_hepliaklqana_hippocampus
D:4:      layout_loops_corners, gammafunk_temple_overflow_pools,
          minmay_temple_entry_overgrown
D:5:      layout_basic, serial_bayou, serial_bayou_pond_e, serial_bayou_shore_a,
          serial_bayou_pond_c, serial_bayou_shore_b,
          nicolae_ossuary_entry_false_entrances
D:6:      layout_basic, nicolae_ru_the_path_less_chosen,
          minmay_shop_grid_forest, chequers_serial_rivers_room_b, hex_large,
          kennysheep_generic_room_5
D:7:      layout_rooms, general_overflow_altar
D:8:      layout_cave_pools, mainiacjoe_overflow_surrounded_room, enter_bailey_2
Temple:   nicolae_temple_hex_pool
Bailey:   bailey_axe_minmay_hex_keep, bailey

Skill      XL: |  1  2  3  4  5  6  7  8  9 10 |
---------------+-------------------------------+-----
Axes           | 4 5 6 7 8 9 11 12 | 12.3
Armour         | 1 2 3 4 6 7 8 |  8.2
Fighting       | 3 4 5 6 8 |  8.7
Invocations    | 1 2 3 4 6 |  6.5
Throwing       | |  2.0
Dodging        | |  3.2

Action                     |  1- 3 |  4- 6 |  7- 9 | 10-12 || total
---------------------------+-------+-------+-------+-------++-------
  Melee: War axe           |   102 |   103 |   164 |       ||   369
         Headbutt          |    14 |    18 |    28 |     8 ||    68
         Punch             |       |     1 |     2 |       ||     3
         Battleaxe         |       |       |       |    40 ||    40
    Use: Scroll            |     5 |       |    13 |       ||    18
   Stab: Sleeping          |     1 |       |       |       ||     1
         Paralysed         |       |     3 |    32 |    10 ||    45
 Armour: Leather armour    |    16 |       |       |       ||    16
         Ring mail         |    65 |    73 |    96 |    31 ||   265
  Dodge: Dodged            |    64 |    58 |   148 |    30 ||   300

Table legend: (Time is in decaauts)
 A = Elapsed time spent in this place.
 B = Non-inter-level travel time spent in this place.
 C = Inter-level travel time spent in this place.
 D = Time resting spent in this place.
 E = Time spent auto-exploring this place.
 F = Levels seen in this place.
 G = Mean time per level.
                   A        B        C        D        E       F      G
               +--------+--------+--------+--------+--------+-----+--------+
         Total |   9518 |   9280 |    238 |   2342 |   5917 |  11 |  865.3 |
       Dungeon |   6798 |   6619 |    179 |    415 |   5414 |   8 |  849.8 |
        Temple |     60 |      1 |     59 |      0 |      0 |   1 |   60.0 |
       Ossuary |   1449 |   1449 |      0 |    931 |    382 |   1 | 1449.0 |
        Bailey |   1209 |   1209 |      0 |    996 |    121 |   1 | 1209.0 |
               +--------+--------+--------+--------+--------+-----+--------+

Top non-repeatable levels by time:
 Ossuary: 1449 daAuts
     D:4: 1331 daAuts
  Bailey: 1209 daAuts
     D:6: 1033 daAuts
     D:2: 975 daAuts
     D:1: 938 daAuts
     D:3: 896 daAuts
     D:5: 836 daAuts
     D:7: 623 daAuts
     D:8: 161 daAuts
  Temple: 60 daAuts
